 Dungeon Crawl Stone Soup version 0.27.0-1-g7a089689b8 (webtiles) character file.

Game seed: 7080368000668729729

51 Crownlay the Sneak (level 3, -5/24 HPs)
             Began as an Octopode Brigand on Aug 12, 2021.
             Slain by Terence (8 damage)
             ... on level 2 of the Dungeon.
             The game lasted 00:02:25 (1491 turns).

Crownlay the Sneak (Octopode Brigand)               Turns: 1491, Time: 00:02:25

Health: -5/24      AC:  1    Str: 10    XL:     3   Next: 83%
Magic:  0/3        EV: 12    Int: 13    God:
Gold:   56         SH:  0    Dex: 14    Spells: 2/2 levels left

rFire    . . .     SeeInvis +   a - +2 dagger
rCold    . . .     Faith    .   (no shield)
rNeg     . . .     Spirit   +   (helmet restricted)
rPois    .         Reflect  .   d - amulet of guardian spirit
rElec    .         Harm     .   g - ring of see invisible
rCorr    .         Rampage  .   (no ring)
Will     .....                  (no ring)
Stlth    +++++.....             (no ring)
HPRegen  0.08/turn              (no ring)
MPRegen  0.08/turn              (no ring)
                                (no ring)
                                (no ring)

@: no status effects
A: almost no armour, amphibious, 8 rings, camouflage 1, gelatinous body 1,
(nimble swimmer 1), tentacles
a: no special abilities


You were on level 2 of the Dungeon.
You visited 1 branch of the dungeon, and saw 2 of its levels.

You collected 56 gold pieces.

Inventory:

Hand Weapons
 a - a +2 dagger (weapon)
Missiles
 b - 7 poisoned darts
 c - a curare-tipped dart (quivered)
Jewellery
 d - an amulet of guardian spirit (around mantle)
 g - a ring of see invisible (left tentacle)
Wands
 k - a wand of iceblast (6)
Scrolls
 e - a scroll of teleportation {unknown}
 f - a scroll of amnesia {unknown}
 h - a scroll of holy word {unknown}
 i - 3 scrolls of enchant weapon {unknown}
 j - a scroll of vulnerability {unknown}


   Skills:
 - Level 2.0 Fighting
 - Level 2.0 Short Blades
 - Level 2.0 Throwing
 - Level 1.0 Dodging
 + Level 7.4 Stealth


You had 2 spell levels left.
You didn't know any spells.
Your spell library contained the following spells:

 Spells                   Type           Power      Damage    Failure   Level
 Leda's Liquefaction      Hex/Erth       0%         N/A       97%         4
 Bolt of Magma            Conj/Fire/Erth 0%         4d4       100%        5
 Statue Form              Tmut/Erth      0%         N/A       100%        6


Dungeon Overview and Level Annotations

Branches:
Dungeon (2/15)

Altars:
Vehumet

Annotations:
D:2 Terence


Innate Abilities, Weirdness & Mutations

You cannot wear most types of armour.
You are amphibious.
You can wear up to eight rings at the same time.
Your skin changes colour to match your surroundings (Stealth+).
Your rubbery body absorbs attacks. (AC +1, EV +1)
((You are camouflaged near water. (Stealth+)))
You have tentacles for arms and can constrict up to eight enemies at once.


Message History

Terence barely misses you.
You hit Terence but do no damage. You squeeze Terence, but do no damage.
Terence is lightly wounded.
You constrict Terence, but do no damage.
Terence completely misses you.
You hit Terence but do no damage.
Terence is lightly wounded.
You constrict Terence, but do no damage.
Terence shouts, "Get ready for death!"
Terence hits you with a +0 flail.
You hit Terence but do no damage. You squeeze Terence!
Terence is moderately wounded.
You constrict Terence. Terence hits you with a +0 flail!
You hit Terence but do no damage.
Terence is heavily wounded.
You constrict Terence, but do no damage.
Terence closely misses you.
You hit Terence.
Terence is heavily wounded.
You constrict Terence. Terence closely misses you.
You hit Terence but do no damage.
Terence is heavily wounded.
You constrict Terence, but do no damage.
You hit Terence but do no damage.
Terence is heavily wounded.
You constrict Terence, but do no damage.
Terence shouts, "Get ready for death!"
Terence hits you with a +0 flail!
* * * LOW HITPOINT WARNING * * *
You aren't carrying any potions.
Throw: 2 darts (curare)
Press: ? - help, Q - select action, (/) - cycle Shift-Dir - straight line, f - Terence
Aim: Terence, wielding a +0 flail and wearing a +0 scale mail (heavily wounded, constricted by you, 93% to hit)
You throw a curare-tipped dart. The curare-tipped dart hits Terence.
Terence is poisoned.
Terence convulses.
Terence seems to slow down.
Terence is almost dead.
You constrict Terence, but do no damage.
Terence hits you with a +0 flail!
You die...

# #### # ..( # ..#
# #.# # #@# # #@#
# #.# #.# #.# ...
#.# # #.# #.# #.
#.. #.# #.#### #..
#.# ....#### #.#
##.....#
####'######......#
.


You could see Terence (very poisoned, slow).

Vanquished Creatures
  3 dart slugs
  5 ball pythons
  4 bats
  3 endoplasms
  7 hobgoblins
  8 jackals (D:2)
  A quokka (D:2)
  4 frilled lizards
  3 goblins
  2 kobolds
  A rat (D:1)
41 creatures vanquished.

Notes
Turn   | Place    | Note
-------+----------+-------------------------------------------
     0 | D:1      | Crownlay the Octopode Brigand began the quest for the Orb.
     0 | D:1      | Reached XP level 1. HP: 14/14 MP: 1/1
   221 | D:1      | Reached XP level 2. HP: 19/19 MP: 2/2
   228 | D:1      | Reached skill level 6 in Stealth
   597 | D:1      | Reached XP level 3. HP: 24/24 MP: 3/3
   886 | D:2      | Reached skill level 7 in Stealth
  1196 | D:2      | Found a radiant altar of Vehumet.
  1477 | D:2      | Noticed Terence
  1491 | D:2      | Slain by Terence

Illustrated notes

Levels and vault maps discovered:
D:1:      lightli_arrival_boilingwater, layout_loops_ring
D:2:      layout_basic, basic_altar, item_on_display_a, uniq_terence,
          uniq_natasha

Skill      XL: |  1  2  3 |
---------------+----------+-----
Stealth        | 6 7 |  7.4
Fighting       | |  2.0
Short Blades   | |  2.0
Throwing       | |  2.0
Dodging        | |  1.0

Action                   || total
-------------------------++-------
Melee: Dagger            ||    71
       Constrict         ||    12
       Tentacles         ||     7
Throw: Dart              ||    15
 Stab: Sleeping          ||    14
       Distracted        ||     1
Armor: Skin              ||     4
Dodge: Dodged            ||    29
